 Dungeon Crawl Stone Soup version 0.27-a0-789-g6bb3289e1e (webtiles) character file.

Game seed: 15270380614428928695

93 rageheart7 the Poker (level 4, -1/37 HPs)
             Began as a Merfolk Chaos Knight on Mar 26, 2021.
             Was a Plaything of Xom.
             Slain by a phantom (10 damage)
             ... on level 4 of the Dungeon.
             The game lasted 00:02:44 (2606 turns).

rageheart7 the Poker (Merfolk Chaos Knight)         Turns: 2606, Time: 00:02:44

Health: -1/37      AC:  7    Str: 13      XL:     4   Next: 62%
Magic:  4/4        EV: 12    Int:  8 (11) God:    Xom [..*...]
Gold:   180        SH:  0    Dex: 12 (13) Spells: 3/3 levels left

rFire    . . .     SeeInvis .   a - +0 spear (chaos)
rCold    . . .     Faith    .   (no shield)
rNeg     . . .     Spirit   .   b - +2 leather armour
rPois    .         Reflect  .   c - +0 helmet
rElec    .         Harm     .   i - +0 cloak
rCorr    .         Rampage  .   (no gloves)
Will     .....                  (no boots)
Stlth    ++........             (no amulet)
HPRegen  0.12/turn              (no ring)
MPRegen  0.09/turn              (no ring)

@: no status effects
A: (nimble swimmer 2), mertail
a: Renounce Religion


You were on level 4 of the Dungeon.
You worshipped Xom.
You were a toy of Xom.
You visited 1 branch of the dungeon, and saw 5 of its levels.

You collected 180 gold pieces.

Inventory:

Hand Weapons
 a - a +0 spear of chaos (weapon)
Missiles
 e - 6 boomerangs
 g - 16 javelins (quivered)
Armour
 b - a +2 leather armour (worn)
 c - a +0 helmet (worn)
 i - a +0 cloak (worn)
Wands
 m - a wand of digging (8)
Scrolls
 f - 2 scrolls of acquirement {unknown}
 h - a scroll of teleportation {unknown}
 j - a scroll of vulnerability {unknown}
 k - a scroll of silence {unknown}
 l - a scroll of identify {unknown}
Potions
 d - a potion of heal wounds {unknown}
 n - a potion of mutation {unknown}


   Skills:
 * Level 4.2 Fighting
 * Level 5.6 Polearms
 - Level 0.6 Armour
 - Level 2.6 Dodging
 * Level 2.6 Stealth


You had 3 spell levels left.
You didn't know any spells.
Your spell library was empty.

Dungeon Overview and Level Annotations

Branches:
Dungeon (5/15)             Temple (0/1) D:5

Altars:
Yredelemnul


Innate Abilities, Weirdness & Mutations

((You are quick and stealthy while swimming. (Stealth+, EV+, Speed+++)))
Your lower body shifts to a powerful aquatic tail in water.


Message History

You are too injured to fight recklessly!
You are too injured to fight recklessly!
You are too injured to fight recklessly!
You are too injured to fight recklessly!
You are too injured to fight recklessly!
You are too injured to fight recklessly!
You are too injured to fight recklessly!
You are too injured to fight recklessly!
You are too injured to fight recklessly!
You are too injured to fight recklessly!
You are too injured to fight recklessly!
You closely miss the phantom.
The phantom is lightly damaged. "Go forth and destroy!"
You feel better. The phantom hits you.
You closely miss the phantom.
The phantom is lightly damaged.
The phantom hits you.
You hit the phantom but do no damage.
The phantom is lightly damaged.
The phantom hits you.
You closely miss the phantom.
The phantom is lightly damaged.
The phantom hits you.
* * * LOW HITPOINT WARNING * * *
The phantom blinks!
You blink.
You hit the phantom but do no damage.
The phantom seems to grow stronger.
The phantom is lightly damaged.
You barely miss the phantom.
The phantom is lightly damaged.
The phantom hits you but does no damage.
You miss the phantom.
The phantom is lightly damaged.
The phantom hits you.
* * * LOW HITPOINT WARNING * * *
You completely miss the phantom.
The phantom is lightly damaged.
The phantom hits you!
You die...
Xom howls with laughter!

.....###.###.#
.............. .....
.....#.......# ....
.....#[#.###.# ...
.#####.#.# #.. ..
.#####.#$ #.# .#
...>..†#^###.####.# #
#.######....$.....##..#
#.##########...W@.....#
#.##.................##
#.##.#################
#....# ######


You could see a phantom (strong).

Vanquished Creatures
  A bullfrog skeleton (D:5)
  Robin (D:2)
  A worm (D:4)
  2 dart slugs
  An orc (D:4)
  7 ball pythons
  2 endoplasms (D:2)
  A giant cockroach (D:2)
  8 hobgoblins
  4 jackals (D:1)
  3 kobolds (D:1)
  3 bats
  8 goblins (D:2)
42 creatures vanquished.

Vanquished Creatures (collateral kills)
  A kobold (D:2)
1 creature vanquished.

Vanquished Creatures (others)
  2 withered plants (D:2)
2 creatures vanquished.

Grand Total: 45 creatures vanquished

Notes
Turn   | Place    | Note
-------+----------+-------------------------------------------
     0 | D:1      | rageheart7 the Merfolk Chaos Knight began the quest for the
                  | Orb.
     0 | D:1      | Reached XP level 1. HP: 18/18 MP: 1/1
    31 | D:1      | XOM: divination: magic mapping
    95 | D:1      | Reached XP level 2. HP: 15/24 MP: 2/2
   101 | D:1      | XOM: divination: magic mapping
   237 | D:1      | Reached skill level 1 in Stealth
   320 | D:1      | XOM: silly message
   577 | D:1      | XOM: silly message
   831 | D:2      | Found a basalt altar of Yredelemnul.
   839 | D:2      | Noticed Robin
   857 | D:2      | Reached skill level 5 in Polearms
   860 | D:2      | Reached XP level 3. HP: 18/30 MP: 3/3
  1205 | D:2      | Killed Robin
  1299 | D:2      | XOM: silly message
  2043 | D:3      | Reached XP level 4. HP: 37/37 MP: 4/4
  2055 | D:3      | XOM: divination: detect items
  2151 | D:3      | XOM: silly message
  2237 | D:3      | You fall into a shaft and drop 2 floors!
  2237 | D:5      | Entered Level 5 of the Dungeon
  2258 | D:5      | Found a staircase to the Ecumenical Temple.
  2261 | D:5      | XOM: silly message
  2408 | D:5      | XOM: silly message
  2584 | D:4      | Noticed a phantom
  2597 | D:4      | XOM: potion effect (curing)
  2606 | D:4      | Slain by a phantom

Illustrated notes

Levels and vault maps discovered:
D:1:      minmay_arrival_widening_spiral_wide, layout_rooms, minmay_liquid_box,
          minmay_shallow_snake_nest
D:2:      layout_loops_cross, yredelemnul_altar_generic, uniq_robin
D:3:      layout_basic, fedhas_ov_isle_minmay, minmay_crystal_water
D:4:      layout_loops_ring, fiery_altar_vehumet,
          nicolae_dithmenos_the_darkroom, uniq_menkaure
D:5:      layout_basic, nicolae_overflow_hidden_temple,
          minmay_temple_entry_statues_fountains

Skill      XL: |  1  2  3 |
---------------+----------+-----
Stealth        | 1 2 |  2.6
Polearms       | 5 |  5.6
Fighting       | 4 |  4.2
Armour         | |  0.6
Dodging        | |  2.6

Action                   |  1- 3 |  4- 6 || total
-------------------------+-------+-------++-------
Melee: Spear             |   101 |    53 ||   154
  Use: Scroll            |     3 |       ||     3
       Potion            |     3 |       ||     3
 Stab: Sleeping          |     3 |     1 ||     4
       Paralysed         |     1 |       ||     1
       Petrified         |       |     2 ||     2
Armor: Leather armour    |    37 |     7 ||    44
Dodge: Dodged            |    57 |    14 ||    71

Table legend: (Time is in decaauts)
 A = Elapsed time spent in this place.
 B = Non-inter-level travel time spent in this place.
 C = Inter-level travel time spent in this place.
 D = Time resting spent in this place.
 E = Time spent auto-exploring this place.
 F = Levels seen in this place.
 G = Mean time per level.
                   A        B        C        D        E       F      G
               +--------+--------+--------+--------+--------+-----+--------+
         Total |   2578 |   2538 |     40 |    361 |   1831 |   5 |  515.6 |
       Dungeon |   2578 |   2538 |     40 |    361 |   1831 |   5 |  515.6 |
               +--------+--------+--------+--------+--------+-----+--------+

Top non-repeatable levels by time:
     D:1: 1069 daAuts
     D:2: 926 daAuts
     D:5: 235 daAuts
     D:3: 221 daAuts
     D:4: 125 daAuts
